 Dungeon Crawl Stone Soup version 0.29-a0-243-g602b31c20e (webtiles) character file.

Game seed: 3669816262112599693

56 enile the Skirmisher (level 3, -2/40 HPs)
             Began as an Ogre Air Elementalist on Mar 5, 2022.
             Was a Follower of Qazlal.
             Slain by a gnoll
             ... wielding a +0 flail
              (8 damage)
             ... on level 2 of the Dungeon.
             The game lasted 00:02:05 (2182 turns).

enile the Skirmisher (Ogre Air Elementalist)        Turns: 2182, Time: 00:02:06

Health: -2/40      AC:  3    Str: 12    XL:     3   Next: 97%
Magic:  4/6        EV:  9    Int: 18    God:    Qazlal [*.....]
Gold:   135        SH:  1    Dex:  9    Spells: 3/6 levels left

rFire   . . .      SeeInvis .   h - +3 spear (flame)
rCold   . . .      Faith    .   (no shield)
rNeg    . . .      Spirit   .   a - +0 robe
rPois   .          Reflect  .   (helmet restricted)
rElec   .          Harm     .   (no cloak)
rCorr   .          Rampage  .   (gloves unavailable)
Will    .....                   (boots unavailable)
Stlth   +.........              (no amulet)
HPRegen 0.13/turn               (no ring)
MPRegen 0.10/turn               (no ring)

@: no status effects
A: large, unfitting armour, tough skin 1
a: Renounce Religion


You were on level 2 of the Dungeon.
You worshipped Qazlal.
Qazlal was aware of your devotion.
You visited 1 branch of the dungeon, and saw 3 of its levels.

You collected 135 gold pieces.

Inventory:

Hand Weapons
 c - a +1 dagger of holy wrath
 d - a +1 dagger of speed
 g - a +0 whip of freezing
 h - a +3 spear of flaming (weapon)
 k - a +0 dagger of venom
Armour
 a - a +0 robe (worn)
Scrolls
 b - a scroll of teleportation {unknown}
 e - a scroll of identify {unknown}
 f - a scroll of brand weapon {unknown}
 j - a scroll of enchant armour {unknown}
Potions
 i - a potion of degeneration {unknown}


   Skills:
 + Level 4.6 Fighting
 - Level 1.7 Dodging
 - Level 1.4 Stealth
 - Level 2.4 Spellcasting
 - Level 0.8 Conjurations
 - Level 2.6 Air Magic


You had 3 spell levels left.
You knew the following spells:

 Your Spells              Type           Power      Damage    Failure   Level
a - Shock                 Conj/Air       32%        1d5       9%          1
b - Static Discharge      Conj/Air       8%         N/A       13%         2

Your spell library contained the following spells:

 Spells                   Type           Power      Damage    Failure   Level
 Corpse Rot               Necr/Air       14%        N/A       16%         2
 Poisonous Vapours        Pois/Air       14%        N/A       16%         2
 Swiftness                Air            11%        N/A       17%         3
 Airstrike                Air            5%         N/A       50%         4


Dungeon Overview and Level Annotations

Branches:
Dungeon (3/15)

Altars:
Qazlal

Shops:
D:1 *


Innate Abilities, Weirdness & Mutations

You are too large for most types of armour.
You have tough skin. (AC +1)


Message History

You are too injured to fight recklessly!
You are too injured to fight recklessly!
You barely miss the gnoll.
The gnoll is almost dead.
A gnoll comes into view. It is wielding a +0 whip.
The gnoll hits you with a +0 club!
You barely miss the gnoll.
The gnoll shouts! x2
You punch the gnoll.
You kill the gnoll!
Qazlal accepts your kill.
You hear a shout!
A gnoll comes into view. It is wielding a +0 halberd.
The gnoll shouts!
There is a stone staircase leading up here.
You climb upwards.
There is a stone staircase leading down here.
You start resting.
Magic restored.
You start resting.
HP restored.
You climb downwards.
The gnoll hits you with a +0 flail. The gnoll barely misses you.
There is a stone staircase leading up, spattered with blood here.
Casting: Shock (safe; 9% risk of failure)
Confirm with . or Enter, or press ? or * to list all spells.
The gnoll is struck by an arc of lightning.
The gnoll is heavily wounded.
You are struck by an arc of lightning.
The lightning grounds out.
The gnoll hits you with a +0 flail. The gnoll hits you with a +0 flail!
The gnoll hits you with a +0 whip.
The gnoll hits you from afar with a +0 halberd!
* * * LOW HITPOINT WARNING * * *
The gnoll hits you with a +0 flail.
* * * LOW HITPOINT WARNING * * *
You climb upwards.
There is a stone staircase leading down here.
The gnoll hits you with a +0 flail!
You die...

####.# ##....#.#########.
#.# #..#.............
#.########.####...........
#..........###............
#.........................
#..........##.......).....
#..........##.(.......(...
##.......☼................
#..#.#..@g####...........
##......g>...............
##...###.#####.##...#####
######(..## #.## #....###
#........####..####..###
##...................####
####.####.###..........####
#........######........###
#####..#..## ##.###..#....


You could see 2 gnolls.

Vanquished Creatures
  A gnoll (D:3)
  An adder (D:3)
  A dart slug (D:1)
  4 ball pythons
  4 endoplasms (D:1)
  A giant cockroach (D:1)
  4 hobgoblins (D:1)
  A quokka (D:2)
  4 frilled lizards (D:1)
  7 goblins
  4 kobolds
  3 rats (D:1)
35 creatures vanquished.

Notes
Turn   | Place    | Note
-------+----------+-------------------------------------------
     0 | D:1      | enile the Ogre Air Elementalist began the quest for the
                  | Orb.
     0 | D:1      | Reached XP level 1. HP: 16/16 MP: 3/3
    13 | D:1      | Reached skill level 1 in Fighting
   201 | D:1      | Found Cior Wiy's General Store.
   278 | D:1      | Reached skill level 2 in Fighting
   278 | D:1      | Reached XP level 2. HP: 10/28 MP: 3/5
   838 | D:1      | Reached skill level 3 in Fighting
  1012 | D:1      | Reached XP level 3. HP: 36/37 MP: 0/6
  1182 | D:1      | Found a faded altar of an unknown god.
  1198 | D:1      | Prayed at the altar of an unknown god.
  1198 | D:1      | Became a worshipper of Qazlal Stormbringer
  1198 | D:1      | Reached * piety under Qazlal
  1725 | D:2      | Learned a level 2 spell: Static Discharge
  1977 | D:3      | Reached skill level 4 in Fighting
  2182 | D:2      | Slain by a gnoll

Illustrated notes

Levels and vault maps discovered:
D:1:      dpeg_arrival_ternary, layout_rooms, chequers_ecumenical_altar_simple,
          serial_shops, nicolae_shop_behind_doors,
          chequers_serial_rivers_small_b, nicolae_figureground_sparkle
D:2:      layout_rooms, minmay_misc_feat_chi
D:3:      layout_basic, slow_altar_1, uniq_jessica

Skill      XL: |  1  2  3 |
---------------+----------+-----
Fighting       | 2 3 4 |  4.6
Dodging        | |  1.7
Stealth        | |  1.4
Spellcasting   | |  2.4
Conjurations   | |  0.8
Air Magic      | |  2.6

Action                   || total
-------------------------++-------
Melee: Dagger            ||    42
       Spear             ||     9
       Punch             ||     1
 Cast: Shock             ||    62
       Static Discharge  ||     2
Armor: Robe              ||    11
Dodge: Dodged            ||    28

Table legend: (Time is in decaauts)
 A = Elapsed time spent in this place.
 B = Non-inter-level travel time spent in this place.
 C = Inter-level travel time spent in this place.
 D = Time resting spent in this place.
 E = Time spent auto-exploring this place.
 F = Levels seen in this place.
 G = Mean time per level.
                   A        B        C        D        E       F      G
               +--------+--------+--------+--------+--------+-----+--------+
         Total |   2175 |   2045 |    130 |    171 |   1622 |   3 |  725.0 |
       Dungeon |   2175 |   2045 |    130 |    171 |   1622 |   3 |  725.0 |
               +--------+--------+--------+--------+--------+-----+--------+

Top non-repeatable levels by time:
     D:1: 1442 daAuts
     D:2: 663 daAuts
     D:3: 70 daAuts
